 Dungeon Crawl Stone Soup version 0.31-a0-728-g01b46875f1 (webtiles) character file.

Game seed: 7851293491269055958

35 LeprechaunX the Changeling (level 3, -4/23 HPs)
             Began as an Octopode Shapeshifter on Sept 11, 2023.
             Was a Follower of Wu Jian.
             Slain by Jessica
             ... wielding a +0 club
              (9 damage)
             ... on level 2 of the Dungeon.
             The game lasted 00:00:59 (1098 turns).

LeprechaunX the Changeling (Octopode Shapeshifter)  Turns: 1098, Time: 00:00:59

Health: -4/23      AC:  1    Str: 15    XL:     3   Next: 33%
Magic:  3/3        EV: 13    Int: 12    God:    Wu Jian [*.....]
Gold:   49         SH:  0    Dex: 11    Spells: 2/2 levels left

rFire   . .          .
                       - Unarmed
rCold   . . .        (no shield)
rNeg    . . .        (helmet currently unavailable)
rPois   .            (no amulet)
rElec   .            (no ring)
rCorr   .            (no ring)
SInv    .            (no ring)
Will    .....        (no ring)
Stlth   ++           (no ring)
HPRegen 0.23/turn    (no ring)
MPRegen 0.08/turn    (no ring)
                     (no ring)

%: no passive effects
@: beast-form, slowed, very slow
A: beast (slay +1), almost no armour, amphibious, 8 rings, camouflage 1,
gelatinous body 1, (nimble swimmer 1), tentacles
a: Begin Untransformation, Renounce Religion


You were on level 2 of the Dungeon.
You worshipped Wu Jian.
Wu Jian was aware of your devotion.
You were a hulking beast.
You visited 1 branch of the dungeon, and saw 2 of its levels.

You collected 49 gold pieces.

Inventory:

Talismans
 b - a beast talisman (active)
 c - a flux talisman
Wands
 g - a wand of light (13)
Scrolls
 d - a scroll of identify {unknown}
 h - a scroll of summoning {unknown}
Potions
 a - a potion of lignification
 e - a potion of enlightenment {unknown}
 f - a potion of brilliance {unknown}
 i - a potion of curing {unknown}


   Skills:
 + Level 1.5 Fighting
 + Level 2.3 Dodging
 + Level 3.2 Unarmed Combat
 * Level 3.4 Shapeshifting


You had 2 spell levels left.
You didn't know any spells.
Your spell library contained the following spells:

 Spells                   Type           Power      Damage    Failure   Level
 Cigotuvi's Dreadful Rot  Necr/Pois/Air  0%         N/A       45%         2
 Ignite Poison            Fire/Tmut/Pois 0%         N/A       69%         3
 Sticky Flame             Conj/Fire      0%         2d3       97%         4
 Freezing Cloud           Conj/Ice/Air   0%         6-21      100%        5
 Ignition                 Fire           0%         3d3       100%        8


Dungeon Overview and Level Annotations

Branches:
Dungeon (2/15)

Altars:
Wu Jian

Annotations:
D:2 Jessica


Innate Abilities, Weirdness & Mutations

You are a hulking beast.
Your limbs bulge with bestial killing power. (Slay +1)
You cannot wear most types of armour.
You are amphibious.
You can wear up to eight rings at the same time.
Your skin changes colour to match your surroundings (Stealth+).
Your rubbery body absorbs attacks. (AC +1, EV +1)
((You are camouflaged when in or above water. (Stealth+)))
You have tentacles for arms and can constrict up to eight enemies at once.


Message History

No target in view!
No target in view!
No target in view!
No target in view!
No target in view!
No target in view!
No target in view!
No target in view!
No target in view!
No target in view!
No target in view!
No target in view!
Found a stone staircase leading down.
h - a scroll labelled ASUVUM GYKHE
i - a fuming black potion Jessica the Apprentice Sorceress comes into view.
She is wielding a +0 club and carrying a wand of polymorph.
Jessica shouts!
Jessica is nearby!
Jessica gestures at you while chanting.
You feel yourself slow down.
Jessica gestures wildly while chanting.
Jessica blinks!
You tentacle-slap Jessica but do no damage.
Your grab misses Jessica.
Jessica points at you and mumbles some strange words.
You barely resist. You barely miss Jessica. Your grab misses Jessica.
Jessica closely misses you.
You tentacle-slap Jessica. Your grab misses Jessica. You squeeze Jessica.
Jessica is severely wounded.
Jessica gestures at you while chanting. Pain shoots through your body!
Ouch! That really hurt!
Jessica hits you with a +0 club.
* * * LOW HITPOINT WARNING * * *
You tentacle-slap Jessica. Your grab misses Jessica.
Your squeeze misses Jessica.
Jessica is almost dead.
Jessica very coldly says, "I hate your company."
Jessica hits you with a +0 club!
You die...

......###.......########
......# #..###..#
......# #..# #..#
......# #..###..#
......# #.......#
......# ##......#
......# ####..## ######
#..#########
#..@h.......
##.######### #.# #.# #.#
#.# #.# #.


You could see Jessica.

Vanquished Creatures
  An adder (D:2)
  A dart slug (D:2)
  A ball python (D:2)
  3 bats (D:1)
  2 endoplasms (D:2)
  A giant cockroach (D:1)
  4 goblins (D:1)
  4 hobgoblins
  A quokka (D:1)
  A frilled lizard (D:1)
  A kobold (D:1)
20 creatures vanquished.

Notes
Turn   | Place    | Note
-------+----------+-------------------------------------------
     0 | D:1      | LeprechaunX the Octopode Shapeshifter began the quest for
                  | the Orb.
     0 | D:1      | Reached XP level 1. HP: 13/13 MP: 1/1
    93 | D:1      | Found a faded altar of an unknown god.
   101 | D:1      | Reached XP level 2. HP: 9/18 MP: 2/2
   114 | D:1      | Prayed at the altar of an unknown god.
   114 | D:1      | Became a worshipper of the Wu Jian Council
   114 | D:1      | Reached * piety under Wu Jian
  1018 | D:2      | Reached XP level 3. HP: 23/23 MP: 3/3
  1092 | D:2      | Noticed Jessica
  1098 | D:2      | Slain by Jessica

Illustrated notes

Levels and vault maps discovered:
D:1:      mrwooster_arrival_statue_2, layout_basic,
          hellmonk_ecumenical_altar_arch_garden, st_stairs_12
D:2:      layout_basic, dk_noncrumbling_3, serial_park_tiny_pond, minmay_vboxes,
          uniq_jessica

Action                     || total
---------------------------++-------
  Melee: Unarmed           ||    35
         Constrict         ||     7
         Tentacles         ||     7
Ability: Lunge             ||     6
   Stab: Sleeping          ||     5
 Armour: Skin              ||    11
  Dodge: Dodged            ||    11

Table legend: (Time is in decaauts)
 A = Elapsed time spent in this place.
 B = Non-inter-level travel time spent in this place.
 C = Inter-level travel time spent in this place.
 D = Time resting spent in this place.
 E = Time spent auto-exploring this place.
 F = Levels seen in this place.
 G = Mean time per level.
                   A        B        C        D        E       F      G
               +--------+--------+--------+--------+--------+-----+--------+
         Total |   1098 |   1062 |     36 |      0 |    928 |   2 |  549.0 |
       Dungeon |   1098 |   1062 |     36 |      0 |    928 |   2 |  549.0 |
               +--------+--------+--------+--------+--------+-----+--------+

Top non-repeatable levels by time:
     D:1: 880 daAuts
     D:2: 218 daAuts
